 Dungeon Crawl Stone Soup version 0.29.1-15-g9cfb28693d (webtiles) character file.

Game seed: 1921025285245293410

16 leafyfresh the Sneak (level 2, 0/21 HPs)
             Began as an Octopode Delver on Feb 24, 2023.
             Slain by a river rat (6 damage)
             ... in a sewer.
             The game lasted 00:00:21 (70 turns).

leafyfresh the Sneak (Octopode Delver)                Turns: 70, Time: 00:00:22

Health: 0/21       AC:  1    Str: 11    XL:     2   Next: 58%
Magic:  2/2        EV: 13    Int: 12    God:
Gold:   0          SH:  0    Dex: 13    Spells: 1/1 levels left

rFire   . . .      SeeInvis .   a - +0 short sword
rCold   . . .      Faith    .   (no shield)
rNeg    . . .      Spirit   .   (helmet restricted)
rPois   .          Reflect  .   (no amulet)
rElec   .          Harm     .   (no ring)
rCorr   .          Rampage  .   (no ring)
Will    .....                   (no ring)
Stlth   ++++......              (no ring)
HPRegen 0.07/turn               (no ring)
MPRegen 0.08/turn               (no ring)
                                (no ring)
                                (no ring)

@: marked
A: almost no armour, amphibious, 8 rings, camouflage 1, gelatinous body 1,
(nimble swimmer 1), tentacles
a: no special abilities


You were in a sewer.
You visited 1 branch of the dungeon, and saw 1 of its levels.
You also visited: Sewer.

Inventory:

Hand Weapons
 a - a +0 short sword (weapon)
Wands
 f - a wand of digging (3)
Scrolls
 b - a scroll of fog
 c - a scroll of magic mapping
 d - a scroll of fear
Potions
 e - a potion of haste


   Skills:
 - Level 3.1 Fighting
 - Level 2.1 Short Blades
 - Level 2.1 Dodging
 + Level 7.2 Stealth


You had one spell level left.
You didn't know any spells.
Your spell library was empty.

Dungeon Overview and Level Annotations

Branches:
Dungeon (5/15)              Sewer (1/1)
 Temple: D:4-7

Altars:


Innate Abilities, Weirdness & Mutations

You cannot wear most types of armour.
You are amphibious.
You can wear up to eight rings at the same time.
Your skin changes colour to match your surroundings (Stealth+).
Your rubbery body absorbs attacks. (AC +1, EV +1)
((You are camouflaged when in or above water. (Stealth+)))
You have tentacles for arms and can constrict up to eight enemies at once.


Message History

You hear an angry hiss.
No target in view!
Found a robe.
No target in view!
No target in view!
Unknown command.
You hear the slow rusting of a drain.
There is a glowing drain here.
The world spins around you as you enter the gateway.
You enter a sewer!
Found a gate leading back out of this place.
There is an empty arch of ancient stone here.
Unknown command.
There is a gate leading back out of this place here.
The rat bites you.
You hit the rat but do no damage. You grab the rat.
Your squeeze misses the rat. You constrict the rat.
The rat completely misses you.
You hit the rat.
The rat is severely wounded.
You constrict the rat.
You kill the rat!
You see here a rat corpse.
The helpless river rat fails to defend itself.
You impale the river rat!!
You kill the river rat!
Your Stealth skill increases to level 7!
You have reached level 2!
You completely miss the rat. Your grab misses the rat. The rat bites you.
You barely miss the rat. Your grab misses the rat.
The rat bites you but does no damage. The river rat bites you.
You barely miss the rat. Your grab misses the rat. The rat misses you.
The river rat bites you.
You closely miss the rat. You grab the rat. You squeeze the rat.
You kill the rat!
The river rat bites you.
* * * LOW HITPOINT WARNING * * *
Unknown command.
The river rat attacks as you move away! The river rat bites you.
You die...

###
#.#
#†#
#@#
#r#
#†#
#.#
#∩#
#∩#
#.#
#.#
#.#


You could see a river rat.

Vanquished Creatures
  A river rat (Sewer)
  A giant cockroach (D:5)
  3 quokkas (D:5)
  2 rats (Sewer)
7 creatures vanquished.

Notes
Turn   | Place    | Note
-------+----------+-------------------------------------------
     0 | D:5      | leafyfresh the Octopode Delver began the quest for the Orb.
     0 | D:5      | Reached XP level 1. HP: 16/16 MP: 1/1
    25 | D:5      | Found a glowing drain.
    57 | Sewer    | Entered a sewer
    66 | Sewer    | Reached skill level 7 in Stealth
    66 | Sewer    | Reached XP level 2. HP: 20/21 MP: 2/2
    70 | Sewer    | Slain by a river rat

Illustrated notes

Levels and vault maps discovered:
D:5:      layout_loops_ring, general_overflow_altar, bloody_makhleb,
          gup_sewer_entry_pipe
Sewer:    sewer_kobolds

Skill      XL: |  1 |
---------------+----+-----
Stealth        | 7 |  7.2
Fighting       | |  3.1
Short Blades   | |  2.1
Dodging        | |  2.1

Action                   || total
-------------------------++-------
Melee: Short sword       ||    11
       Constrict         ||     3
       Tentacles         ||     2
 Stab: Sleeping          ||     4
Armor: Skin              ||     1
Dodge: Dodged            ||     2
